 Dungeon Crawl Stone Soup version 0.31-a0-489-g282fc92437 (webtiles) character file.

Game seed: 14083629775545721599

721 Morbidden the Ruffian (level 7, 0/76 HPs)
             Began as a Demonspawn Shapeshifter on Aug 8, 2023.
             Was an Initiate of Cheibriados.
             Slain by Menkaure (13 damage)
             ... on level 5 of the Dungeon.
             The game lasted 00:06:13 (3593 turns).

Morbidden the Ruffian (Demonspawn Shapeshifter)     Turns: 3593, Time: 00:06:14

Health: 0/76       AC: 23    Str: 17    XL:     7   Next: 43%
Magic:  10/10      EV:  2    Int: 12    God:    Cheibriados [......]
Gold:   190        SH:  4    Dex: 14    Spells: 10/10 levels left

rFire   . .          .
                       - Unarmed
rCold   . . .        (no shield)
rNeg    + . .        q - melded +0 chain mail
rPois   +            (helmet currently unavailable)
rElec   .            (cloak currently unavailable)
rCorr   +            (gloves currently unavailable)
SInv    .            (boots currently unavailable)
Will    .....        f - amulet of regeneration
Stlth   +            t - ring of positive energy
HPRegen 1.12/turn    l - ring of resist corrosion
MPRegen 0.12/turn

%: no passive effects
@: tree-form, very slow
A: stationary, stasis, torment immunity, boosted hp, (molten scales 1),
condensation shield, (weakness stinger 1)
a: Renounce Religion


You were on level 5 of the Dungeon.
You worshipped Cheibriados.
Cheibriados was noncommittal.
You were a tree.
You visited 2 branches of the dungeon, and saw 6 of its levels.

You collected 190 gold pieces.

Inventory:

Missiles
 v - a throwing net
Armour
 g - a +0 pair of gloves
 q - a +0 chain mail (melded)
Jewellery
 f - an amulet of regeneration (around neck)
 l - a ring of resist corrosion (right branch)
 m - a +6 ring of intelligence
 r - a ring of wizardry
 t - a ring of positive energy (left branch)
 u - a ring of fire
Talismans
 c - a beast talisman
Wands
 k - a wand of mindburst (17)
 p - a wand of flame (16)
Scrolls
 a - a scroll of poison {unknown}
 d - 2 scrolls of identify {unknown}
 e - 2 scrolls of teleportation
 i - a scroll of noise {unknown}
 n - a scroll of immolation {unknown}
 s - 3 scrolls of amnesia {unknown}
Potions
 b - a potion of lignification
 h - 4 potions of curing {unknown}
 j - a potion of ambrosia {unknown}
 o - a potion of mutation {unknown}
 w - a potion of heal wounds {unknown}
 x - 2 potions of haste {unknown}


   Skills:
 * Level 2.8 Fighting
 * Level 2.5 Armour
 * Level 3.1 Dodging
 + Level 0.6 Shields
 + Level 4.3 Unarmed Combat
 * Level 2.2 Spellcasting
 * Level 4.2 Shapeshifting


You had 10 spell levels left.
You didn't know any spells.
Your spell library contained the following spells:

 Spells                   Type           Power      Damage    Failure   Level
 Apportation              Tloc           2%         N/A       26%         1
 Necrotise                Necr           4%         1d4       26%         1
 Summon Small Mammal      Summ           4%         N/A       26%         1
 Animate Armour           Summ/Erth      2%         N/A       95%         4
 Summon Lightning Spire   Summ/Air       1%         N/A       95%         4
 Lee's Rapid Deconstruct  Erth           0%         3d4*      100%        5


Dungeon Overview and Level Annotations

Branches:
Dungeon (5/15)             Temple (1/1) D:5

Altars:
Cheibriados
Gozag
Kikubaaqudgha
Makhleb
Nemelex Xobeh
Okawaru
Qazlal
Sif Muna
Trog
Uskayaw
Yredelemnul

Shops:
D:1 [

Annotations:
D:5 Menkaure


Innate Abilities, Weirdness & Mutations

You are a tree.
Your roots penetrate the ground, keeping you stationary.
You cannot be teleported.
You are immune to unholy pain and torment.
Your maximum health is greatly increased.
Your equipment is partially melded.
((You are partially covered in molten scales. (AC +2)))
A meltable shield of frost defends you. (SH +4)
((You have a small tail.))


Message History

Aiming: Mindburst
Press: ? - help, Shift-Dir - straight line, f/p - ogre
Aim: an ogre, wielding a +0 giant spiked club (severely wounded, chance to affect: 64%)
The ogre's mind is blasted!!
You blow up the ogre!
Cheibriados appreciates the change of pace.
Unknown command.
Unknown command.
Unknown command.
Your transformation has ended.
You turn into a tree.
Your +0 chain mail melds into your body.
Your roots penetrate the ground.
Unknown command.
Unknown command.
Aiming: Throw Flame
Press: ? - help, Shift-Dir - straight line, f - Menkaure
Aim: Menkaure (fast, 85% to hit)
The puff of flame misses Menkaure.
Menkaure hits you.
* * * LOW HITPOINT WARNING * * *
Unknown command.
Unknown command.
Unknown command.
Unknown command.
Aiming: Throw Flame
Press: ? - help, Shift-Dir - straight line, f/p - Menkaure
Aim: Menkaure (fast, 85% to hit)
The puff of flame hits Menkaure.
Menkaure is burned terribly!
Menkaure is lightly damaged.
Menkaure hits you but does no damage.
Unknown command.
Unknown command.
Unknown command.
Aiming: Throw Flame
Press: ? - help, Shift-Dir - straight line, f/p - Menkaure
Aim: Menkaure (lightly damaged, fast, 85% to hit)
The puff of flame hits Menkaure.
Menkaure is burned terribly!
Menkaure is heavily damaged.
Menkaure hits you!
You die...

...#.....### ..
...........#...
........?..#..
.....%.......
.........# . .#
#.......#... ...
###..M.)...#
....#.#...♣.#
..#.........#
..........### ..
....###....###..
#..........#...
....####........
....##.......###
.............###
...#####.......##.


You could see Menkaure (fast).

Vanquished Creatures
  An ice beast (D:5)
  An ogre (D:5)
  A phantom (D:5)
  A jelly (D:3)
  An orc priest (D:5)
  A hound (D:5)
  An iguana (D:5)
  6 orc wizards
  5 adders
  4 gnolls (D:4)
  A white imp (D:5)
  A worm (D:5)
  3 dart slugs
  19 orcs
  9 ball pythons
  6 bats
  9 endoplasms
  7 giant cockroaches
  12 jackals
  3 quokkas
  2 frilled lizards
  6 goblins
  5 kobolds
  8 rats
113 creatures vanquished.

Notes
Turn   | Place    | Note
-------+----------+-------------------------------------------
     0 | D:1      | Morbidden the Demonspawn Shapeshifter began the quest for
                  | the Orb.
     0 | D:1      | Reached XP level 1. HP: 15/15 MP: 1/1
   142 | D:1      | Gained mutation: You are partially covered in molten
                  | scales. (AC +2) [demonic ancestry]
   142 | D:1      | Reached XP level 2. HP: 15/21 MP: 2/2
   324 | D:1      | Found Budoshoa's Armour Shop.
   906 | D:2      | Reached XP level 3. HP: 25/26 MP: 3/3
  1422 | D:3      | Reached XP level 4. HP: 21/32 MP: 4/4
  1481 | D:3      | Found a bloodstained altar of Trog.
  1723 | D:3      | Identified the +2 falchion of Hupaj {freeze, Dex+7}
  1867 | D:3      | Found a faded altar of an unknown god.
  1871 | D:3      | Found an iron altar of Okawaru.
  1904 | D:3      | Reached skill level 1 in Armour
  2147 | D:4      | Gained mutation: A meltable shield of frost defends you.
                  | (SH +4) [demonic ancestry]
  2147 | D:4      | Reached XP level 5. HP: 10/38 MP: 6/6
  2513 | D:4      | Reached skill level 1 in Spellcasting
  2670 | D:4      | Reached XP level 6. HP: 37/44 MP: 7/7
  2926 | D:4      | Identified the +8 spear of Poverty {heavy, *Slow rElec
                  | rCorr Str+3}
  2977 | D:4      | Noticed a +0 hand axe
  2978 | D:4      | Found a hide-covered altar of Uskayaw.
  2978 | D:4      | Noticed a +0 dagger
  3274 | D:5      | Entered Level 5 of the Dungeon
  3382 | D:5      | Noticed an ice beast
  3409 | D:5      | Killed an ice beast
  3410 | D:5      | Gained mutation: You have a small tail. [demonic ancestry]
  3410 | D:5      | Reached XP level 7. HP: 51/51 MP: 8/10
  3515 | D:5      | Found a staircase to the Ecumenical Temple.
  3533 | Temple   | Found a transporter.
  3533 | Temple   | Found a transporter.
  3533 | Temple   | Found a transporter.
  3533 | Temple   | Found a transporter.
  3533 | Temple   | Entered the Ecumenical Temple
  3551 | Temple   | Became a worshipper of Cheibriados the Contemplative
  3584 | D:5      | Noticed Menkaure
  3593 | D:5      | Slain by Menkaure

Illustrated notes

Levels and vault maps discovered:
D:1:      dpeg_arrival_windows_large_door, layout_basic, serial_shops,
          nicolae_shop_tiny_statue_garden, kennysheep_nondescript,
          dreamdust_princess_corridor, minmay_tetromino_l2
D:2:      layout_basic
D:3:      layout_loops_cross, nicolae_overflow_ecumenical_swirl,
          nicolae_overflow_hidden_temple
D:4:      layout_loops_cross, dancing_weapons_uskayaw,
          kennysheep_opposing_triangles
D:5:      layout_cave_pools, minmay_temple_entry_purple_smoke, uniq_menkaure
Temple:   hellmonk_temple_divided_pantheon

Skill      XL: |  1  2  3  4  5  6 |
---------------+-------------------+-----
Shapeshifting  | 3 4 |  4.2
Unarmed Combat | 3 4 |  4.3
Dodging        | 2 3 |  3.1
Armour         | 1 2 |  2.5
Fighting       | 2 |  2.8
Spellcasting   | 1 2 |  2.2
Shields        | |  0.6

Action                     |  1- 3 |  4- 6 |  7- 9 || total
---------------------------+-------+-------+-------++-------
  Melee: Unarmed           |   122 |   292 |    15 ||   429
         Punch             |     1 |     9 |       ||    10
         Tailslap          |       |       |     2 ||     2
  Evoke: Wand              |       |       |     5 ||     5
    Use: Scroll            |       |     1 |       ||     1
         Potion            |       |       |     1 ||     1
   Stab: Sleeping          |     1 |       |       ||     1
 Armour: Animal skin       |    44 |     2 |       ||    46
         Chain mail        |       |   169 |     3 ||   172
         Skin              |       |       |     1 ||     1
  Dodge: Dodged            |    98 |    96 |     2 ||   196
  Block: Other             |       |    26 |       ||    26

Table legend: (Time is in decaauts)
 A = Elapsed time spent in this place.
 B = Non-inter-level travel time spent in this place.
 C = Inter-level travel time spent in this place.
 D = Time resting spent in this place.
 E = Time spent auto-exploring this place.
 F = Levels seen in this place.
 G = Mean time per level.
                   A        B        C        D        E       F      G
               +--------+--------+--------+--------+--------+-----+--------+
         Total |   3571 |   3472 |     99 |    248 |   2303 |   6 |  595.2 |
       Dungeon |   3530 |   3431 |     99 |    248 |   2303 |   5 |  706.0 |
        Temple |     41 |     41 |      0 |      0 |      0 |   1 |   41.0 |
               +--------+--------+--------+--------+--------+-----+--------+

Top non-repeatable levels by time:
     D:4: 1172 daAuts
     D:1: 876 daAuts
     D:3: 672 daAuts
     D:2: 528 daAuts
     D:5: 280 daAuts
  Temple: 41 daAuts
